 Dungeon Crawl Stone Soup version 0.31-a0-845-g9abc20d24f (webtiles) character file.

Game seed: 13375161021175897525

38 Kurtz the Chopper (level 3, 0/26 HPs)
             Began as an Octopode Fighter on Oct 1, 2023.
             Slain by Grinder (2 damage)
             ... while paralysed by Grinder
             ... on level 3 of the Dungeon.
             The game lasted 00:00:45 (1447 turns).

Kurtz the Chopper (Octopode Fighter)                Turns: 1447, Time: 00:00:45

Health: 0/26       AC:  1    Str: 15    XL:     3   Next: 43%
Magic:  12/12      EV:  2    Int: 10    God:
Gold:   102        SH:  0    Dex: 13    Spells: 2/2 levels left

rFire   . . .        a - +0 war axe
rCold   + . .        b - +0 buckler
rNeg    . . .        (helmet restricted)
rPois   .            (no amulet)
rElec   .            k - ring of magical power
rCorr   .            m - ring of protection from cold
SInv    .            (no ring)
Will    .....        (no ring)
Stlth   ++           (no ring)
HPRegen 0.24/turn    (no ring)
MPRegen 0.13/turn    (no ring)
                     (no ring)

%: no passive effects
@: paralysed
A: almost no armour, amphibious, 8 rings, camouflage 1, gelatinous body 1,
(nimble swimmer 1), tentacles
a: no special abilities


You were on level 3 of the Dungeon.
You visited 1 branch of the dungeon, and saw 3 of its levels.

You collected 102 gold pieces.

Inventory:

Hand Weapons
 a - a +0 war axe (weapon)
Missiles
 g - 5 boomerangs
 l - 4 poisoned darts
Armour
 b - a +0 buckler (worn)
Jewellery
 k - a ring of magical power (left tentacle)
 m - a ring of protection from cold (right tentacle)
Scrolls
 d - 3 scrolls of identify {unknown}
 e - a scroll of fog {unknown}
 h - 3 scrolls of fear {unknown}
 j - a scroll of blinking {unknown}
 p - a scroll of enchant weapon {unknown}
Potions
 c - 2 potions of might
 f - a potion of haste {unknown}
 i - a potion of cancellation {unknown}
 n - a potion of curing {unknown}
 o - a potion of attraction {unknown}


   Skills:
 - Level 3.0 Fighting
 * Level 3.7 Axes
 - Level 3.0 Dodging
 - Level 3.0 Shields


You had 2 spell levels left.
You didn't know any spells.
Your spell library contained the following spells:

 Spells                   Type           Power      Damage    Failure   Level
 Summon Guardian Golem    Hex/Summ       0%         N/A       83%         3
 Orb of Destruction       Conj           0%         9d5       100%        7
 Spellforged Servitor     Conj/Summ      0%         N/A       100%        7


Dungeon Overview and Level Annotations

Branches:
Dungeon (3/15)

Altars:

Shops:
D:2 :

Annotations:
D:2 1 runed translucent door, Crazy Yiuf
D:3 Grinder


Innate Abilities, Weirdness & Mutations

You cannot wear most types of armour.
You are amphibious.
You can wear up to eight rings at the same time.
Your skin changes colour to match your surroundings (Stealth+).
Your rubbery body absorbs attacks. (AC +1, EV +1)
((You are camouflaged when in or above water. (Stealth+)))
You have tentacles for arms and can constrict up to eight enemies at once.


Message History

You constrict the orc.
You kill the orc!
Grinder is nearby!
Grinder is nearby!
Grinder says, "Don't move a muscle."
Something unseen opens the door.
Grinder is nearby!
You barely miss Grinder. You grab Grinder. You squeeze Grinder.
Grinder is lightly wounded.
You constrict Grinder, but do no damage.
Grinder gestures at you. You resist with significant effort.
Grinder is nearby!
You hit Grinder. You squeeze Grinder, but do no damage.
Grinder is lightly wounded.
You constrict Grinder, but do no damage.
A kobold comes into view. It is wielding a +0 dagger.
Grinder blinks free!
The kobold shouts!
You hit Grinder. Your grab misses Grinder. Your squeeze misses Grinder.
Grinder is moderately wounded.
You block Grinder's attack.
You hit Grinder. Your grab misses Grinder.
Grinder is heavily wounded.
Grinder closely misses you.
You barely miss Grinder. Your grab misses Grinder. You squeeze Grinder.
Grinder is heavily wounded.
Grinder hits you.
You writhe in agony.
Grinder gestures at you.
You suddenly lose the ability to move!
Grinder hits you!
You writhe in agony.
* * * LOW HITPOINT WARNING * * *
The kobold hits you with a +0 dagger.
* * * LOW HITPOINT WARNING * * *
Grinder barely misses you. The kobold hits you with a +0 dagger.
* * * LOW HITPOINT WARNING * * *
Grinder hits you.
You die...
Grinder says, "Now the real fun starts!"

... .... ...
...## #.# ....#
#.# ....#
###.##....#
#<.......#
#<###....# #.#
#.K..### ...
#@5....#
#........?.....
.......#..##'##
........ .##
##....... ##
....... ##.....
##.#.#


You could see Grinder and a kobold.

Vanquished Creatures
  An adder (D:2)
  A worm (D:2)
  An orc (D:3)
  A bat (D:2)
  2 endoplasms
  A giant cockroach (D:1)
  A goblin (D:2)
  4 hobgoblins
  6 kobolds
  A ball python (D:1)
  A frilled lizard (D:1)
  4 rats
24 creatures vanquished.

Notes
Turn   | Place    | Note
-------+----------+-------------------------------------------
     0 | D:1      | Kurtz the Octopode Fighter began the quest for the Orb.
     0 | D:1      | Reached XP level 1. HP: 16/16 MP: 1/1
    86 | D:1      | Reached XP level 2. HP: 19/21 MP: 2/2
   654 | D:2      | Found Xokucwos's Book Emporium.
  1075 | D:2      | Reached XP level 3. HP: 26/26 MP: 3/3
  1225 | D:2      | Found a runed translucent door.
  1226 | D:2      | Noticed Crazy Yiuf
  1436 | D:3      | Noticed Grinder
  1444 | D:3      | Paralysed by Grinder for 4 turns
  1447 | D:3      | Slain by Grinder

Illustrated notes

Levels and vault maps discovered:
D:1:      mrwooster_arrival_statue_2, layout_loops_ring
D:2:      layout_basic, serial_shops, shop, kennysheep_generic_room_8,
          uniq_crazy_yiuf_cottage
D:3:      layout_loops_ring, mainiacjoe_overflow_brackets,
          gammafunk_temple_overflow_claw, uniq_grinder

Skill      XL: |  1  2 |
---------------+-------+-----
Axes           | 3 |  3.7
Fighting       | |  3.0
Dodging        | |  3.0
Shields        | |  3.0

Action                     || total
---------------------------++-------
  Melee: War axe           ||    42
         Tentacles         ||     9
         Constrict         ||     7
   Stab: Sleeping          ||     6
 Armour: Skin              ||    20
  Dodge: Dodged            ||    23
  Block: Buckler           ||     7

Table legend: (Time is in decaauts)
 A = Elapsed time spent in this place.
 B = Non-inter-level travel time spent in this place.
 C = Inter-level travel time spent in this place.
 D = Time resting spent in this place.
 E = Time spent auto-exploring this place.
 F = Levels seen in this place.
 G = Mean time per level.
                   A        B        C        D        E       F      G
               +--------+--------+--------+--------+--------+-----+--------+
         Total |   1462 |   1394 |     68 |      0 |   1195 |   3 |  487.3 |
       Dungeon |   1462 |   1394 |     68 |      0 |   1195 |   3 |  487.3 |
               +--------+--------+--------+--------+--------+-----+--------+

Top non-repeatable levels by time:
     D:2: 850 daAuts
     D:1: 595 daAuts
     D:3: 16 daAuts
